Map: Crimson Court LE

Players

HeroMarine - Winner!

  • Race: Terran Terran
  • League: Grandmaster
  • Spawn Location: 1:00

HolyHit

  • Race: Protoss Protoss
  • Spawn Location: 7:00

Event: HomeStory Cup XXV

VOD

Have the link to the VOD?

Description

Time

  • Played on: June 22, 2024, 1:56 p.m.
  • Length: 10:49

All games in this series

Show
View Real Time Build Order
Export as new Build Order

HeroMarine Terran - Winner!

Build Orders: Cyclone Opening 

Get SALT Encoding   

  12  0:00  SCV  
  13  0:12  SCV  
  14  0:17  Supply Depot  
  14  0:24  SCV  
  15  0:38  SCV  
  15  0:40  Barracks  
  16  0:43  Refinery  
  16  0:50  SCV  
  16  0:52  Refinery  
  17  1:03  SCV  
  18  1:15  SCV  
  19  1:27  Orbital Command, Reaper  
  20  1:40  Engineering Bay  
  20  1:45  Supply Depot, Factory  
  20  1:53  SCV  
  21  2:00  Barracks Reactor  
  21  2:05  SCV  
  22  2:18  Command Center  
  22  2:20  SCV  
  23  2:31  Cyclone  
  23  2:33  SCV  
  26  2:39  Marine x2  
  27  2:45  Starport  
  27  2:47  SCV  
  28  2:52  Supply Depot  
  28  2:59  SCV  
  28  3:04  Widow Mine  
  31  3:13  Marine x2  
  31  3:14  SCV  
  34  3:26  SCV  
  34  3:27  Medivac  
  34  3:29  Factory Tech Lab  
  34  3:31  Marine x2  
  34  3:32  Orbital Command  
  38  3:38  SCV  
  39  3:49  Marine x2  
  39  3:50  SCV  
  39  3:52  Factory Tech Lab  
  42  4:01  SCV  
  42  4:02  SCV  
  44  4:07  Marine x2  
  44  4:09  Cloaking Field, Banshee  
  49  4:13  Supply Depot, SCV  
  49  4:14  SCV  
  49  4:20  Siege Tank  
  49  4:23  Supply Depot  
  52  4:25  SCV  
  52  4:26  SCV  
  54  4:34  Marine x2  
  54  4:35  Bunker  
  54  4:37  SCV  
  56  4:38  SCV  
  57  4:50  Supply Depot  
  57  4:51  SCV x2  
  57  4:52  Marine x2, Banshee  
  64  4:55  Siege Tank  
  67  5:03  SCV x2  
  67  5:05  Supply Depot, Barracks  
  69  5:10  Marine  
  69  5:11  Marine  
  69  5:12  Supply Depot  
  71  5:15  SCV x2  
  71  5:18  Engineering Bay  
  71  5:20  Refinery  
  73  5:27  SCV x2  
  73  5:28  Siege Tank  
  78  5:31  Marine, Barracks  
  78  5:34  Marine  
  78  5:39  SCV x2  
  78  5:46  Terran Infantry Weapons Level 1  
  78  5:48  Refinery  
  78  5:49  Marine  
  79  5:51  Marine  
  79  5:54  SCV x2  
  82  5:57  Command Center  
  82  6:02  Supply Depot  
  82  6:04  Siege Tank  
  85  6:07  SCV  
  85  6:08  SCV  
  85  6:10  Marine x2  
  88  6:17  Barracks  
  87  6:19  SCV  
  87  6:20  SCV  
  89  6:31  Marine x2  
  89  6:32  SCV x2  
  93  6:36  Stimpack  
  93  6:44  SCV x2  
  95  6:52  Factory Reactor  
  95  6:53  Marauder  
  97  6:56  SCV x2  
  96  7:03  Combat Shield  
  96  7:04  Marauder  
  96  7:05  Starport Reactor, Barracks Reactor  
  96  7:06  Barracks  
  96  7:08  SCV x2  
  100  7:14  Marauder  
  100  7:16  Marine x2  
  100  7:18  Orbital Command  
  100  7:20  SCV x2  
  102  7:25  Marauder  
  103  7:32  SCV x2  
  103  7:33  Engineering Bay, Armory  
  103  7:35  Supply Depot  
  103  7:36  Marine x2, Marauder  
  106  7:41  Terran Infantry Armor Level 1  
  106  7:43  Widow Mine x2, Medivac  
  108  7:44  SCV x2, Medivac  
  108  7:46  Marauder  
  108  7:48  Orbital Command  
  113  7:56  SCV x2  
  115  8:01  Missile Turret  
  115  8:02  Missile Turret  
  115  8:03  Barracks Tech Lab, Marine x2, Missile Turret, Marauder  
  115  8:04  Marine  
  120  8:05  Marine  
  120  8:08  SCV, Marauder  
  120  8:09  SCV  
  120  8:10  Supply Depot  
  122  8:19  Widow Mine  
  124  8:22  Supply Depot  
  124  8:25  SCV, Marauder, Widow Mine, Medivac x2  
  133  8:29  Concussive Shells  
  133  8:31  SCV x2  
  133  8:32  Marauder x2  
  133  8:33  Refinery x2  
  139  8:40  Marine x2  
  128  8:46  Marauder  
  125  8:57  Marine, Marauder x2  
  125  8:58  Marine x2  
  125  8:59  Widow Mine x2, Medivac x2  
  137  9:04  Command Center  
  137  9:06  Supply Depot  
  137  9:08  Marauder  
  137  9:18  Marine x3, Marauder x2  
  137  9:19  Marine  
  137  9:21  Widow Mine  
  147  9:28  Supply Depot x2  
  147  9:29  Marauder, Medivac  
  147  9:30  Supply Depot  
  139  9:36  Marine x3  
  139  9:37  Marine  
  134  9:39  Marauder x2  
  136  9:48  Barracks  
  136  9:49  Ghost Academy  
  136  9:50  Marine, Barracks  
  136  9:51  Barracks  
  136  9:52  Missile Turret  
  137  9:54  Marine  
  137  9:57  Marine x3  
  141  10:01  Marauder x2  
  141  10:05  Sensor Tower  
  145  10:08  Marine  
  146  10:14  SCV x2  
  146  10:15  SCV  
  146  10:20  Marine x2  
  151  10:22  Marauder x2, Sensor Tower  
  151  10:26  Marauder  
  155  10:30  SCV x3  
Show
View Real Time Build Order
Export as new Build Order

HolyHit Protoss 

Build Orders: 1 Gate Expand, Blink Stalkers 

Get SALT Encoding   

  12  0:00  Probe  
  13  0:12  Probe  
  14  0:17  Pylon  
  14  0:24  Probe (Chrono Boost)  
  15  0:36  Gateway, Probe (Chrono Boost)  
  16  0:43  Probe (Chrono Boost)  
  16  0:45  Assimilator  
  17  0:51  Probe  
  18  1:03  Probe  
  19  1:15  Probe  
  20  1:26  Cybernetics Core  
  20  1:32  Nexus  
  20  1:36  Probe  
  21  1:43  Pylon  
  21  1:49  Assimilator  
  21  1:53  Probe  
  22  2:01  Adept (Chrono Boost)  
  22  2:05  Probe  
  24  2:09  Warp Gate  
  24  2:17  Probe  
  25  2:24  Adept  
  28  2:30  Probe  
  28  2:41  Twilight Council  
  28  2:42  Probe (Chrono Boost)  
  29  2:48  Probe (Chrono Boost)  
  30  2:54  Stalker, Probe (Chrono Boost)  
  30  2:57  Probe (Chrono Boost)  
  34  3:01  Probe (Chrono Boost)  
  34  3:03  Probe  
  36  3:12  Probe  
  37  3:14  Robotics Facility  
  37  3:15  Probe  
  37  3:17  Shield Battery  
  38  3:25  Probe  
  37  3:27  Probe  
  37  3:28  Blink (Chrono Boost)  
  38  3:36  Gateway  
  38  3:37  Probe  
  39  3:43  Gateway  
  39  3:44  Probe  
  40  3:49  Pylon  
  40  3:51  Probe  
  41  3:56  Shield Battery  
  41  4:01  Observer (Chrono Boost)  
  41  4:02  Stalker  
  44  4:04  Probe  
  44  4:05  Probe  
  46  4:12  Pylon  
  46  4:13  Shield Battery  
  46  4:18  Probe x2  
  46  4:23  Warp Prism (Chrono Boost)  
  48  4:29  Stalker  
  52  4:35  Stalker  
  54  4:48  Stalker, Probe x2  
  58  4:54  Stalker  
  58  4:57  Pylon  
  60  5:00  Assimilator, Observer  
  60  5:01  Probe  
  60  5:02  Observer  
  60  5:03  Assimilator  
  62  5:15  Stalker x2  
  62  5:17  Nexus  
  66  5:24  Stalker  
  66  5:25  Probe  
  66  5:26  Probe  
  68  5:37  Probe  
  68  5:40  Probe  
  68  5:41  Robotics Bay  
  66  5:44  Immortal (Chrono Boost)  
  70  5:50  Pylon  
  70  6:00  Pylon  
  70  6:02  Pylon  
  70  6:08  Probe x2  
  70  6:15  Shield Battery  
  70  6:18  Observer  
  70  6:20  Probe x2  
  70  6:21  Gateway  
  70  6:22  Stalker  
  70  6:23  Gateway  
  70  6:24  Stalker  
  74  6:27  Charge  
  74  6:31  Stalker  
  71  6:32  Probe  
  59  6:43  Probe  
  54  6:48  Probe  
  49  7:04  Pylon  
  49  7:06  Probe x2  
  49  7:08  Probe  
  47  7:16  Observer  
  47  7:20  Probe  
  47  7:21  Probe  
  47  7:22  Stalker  
  51  7:29  Probe  
  49  7:31  Observer  
  49  7:33  Probe (Chrono Boost)  
  49  7:36  Disruptor (Chrono Boost)  
  52  7:43  Probe (Chrono Boost)  
  53  7:48  Probe (Chrono Boost)  
  54  7:53  Probe (Chrono Boost)  
  54  7:54  Probe (Chrono Boost)  
  56  7:59  Probe (Chrono Boost)  
  56  8:00  Probe (Chrono Boost)  
  56  8:02  Probe (Chrono Boost)  
  58  8:10  Probe (Chrono Boost)  
  59  8:15  Disruptor (Chrono Boost), Probe  
  59  8:17  Probe  
  59  8:19  Probe  
  65  8:27  Probe  
  65  8:29  Probe  
  65  8:31  Probe  
  64  8:36  Stalker x3  
  64  8:40  Zealot  
  72  8:45  Zealot  
  68  8:52  Disruptor (Chrono Boost)  
  72  8:57  Probe x3  
  73  9:04  Stalker  
  73  9:09  Probe x2  
  78  9:10  Probe  
  78  9:21  Warp Prism (Chrono Boost), Probe x2  
  82  9:25  Assimilator  
  82  9:31  Zealot x2  
  76  9:41  Zealot x3  
  76  9:42  Probe x2  
  78  9:47  Observer  
  78  9:50  Disruptor (Chrono Boost)  
  78  9:51  Probe  
  83  9:54  Probe x2  
  83  9:58  Sentry  
  87  10:02  Forge  
  87  10:03  Probe  
  87  10:06  Probe x2  
  90  10:15  Zealot, Probe  
  90  10:19  Zealot x2  
  97  10:30  Zealot x2  
  87  10:37  Zealot  
  81  10:46  Zealot x3  
Tags
 
Add a new tag
Caveats
  • Supply blocks, unpowered buildings, or Contaminate may cause inaccurate times.
  • Supply counts are checked every 10 seconds.